 Dungeon Sprint DCSS version 0.19-a0-1526-gc2972aa (webtiles) character file.

37 Groucho the Chucker (level 3, 0/23 HPs)
             Began as a Gargoyle Hunter on Sept 13, 2016.
             Was a Follower of Cheibriados.
             Slain by a flail of crushing (2 damage)
             ... in the Dungeon (Sprint V: "Ziggurat Sprint").
             The game lasted 00:02:37 (376 turns).

Groucho the Chucker (Gargoyle Hunter)                Turns: 376, Time: 00:02:38

Health: 0/23       AC: 29    Str: 29    XL:     3   Next: 39%
Magic:  5/5        EV:  1    Int: 13    God:    Cheibriados [*.....]
Gold:   0          SH: 28    Dex: 13    Spells: 0 memorised, 2 levels left

rFire  . . .     SeeInvis +     L - +14 obsidian axe {chop, +Fly SInv *Curse} (curse)
rCold  . . .     Gourm    .     a - +15 Maxwell's patent armour {-Cast -Tele rElec MR+ rCorr}
rNeg   + + .     Faith    .     b - +18 shield of the Gong {rElec rN+ MR+ EV-5}
rPois  ∞         Spirit   .     (no helmet)
rElec  +         Dismiss  .     (no cloak)
rCorr  +         Reflect  .     (no gloves)
MR     ++...     Harm     .     (no boots)
Stlth  .......... NoTele   +    (no amulet) NoCast +
                                G - +6 ring of strength
                                F - +6 ring of strength

@: mesmerised, very slow
A: negative energy resistance 1, electricity resistance, unbreathing,
petrification resistance, rot immunity, AC +3
a: Bend Time, Renounce Religion, Evoke Flight


You were in the Dungeon.
You worshipped Cheibriados.
Cheibriados was aware of your devotion.
You were not hungry.

You visited 1 branch

Inventory:

Hand Weapons
 L - the cursed +14 obsidian axe (weapon) {chop, +Fly SInv *Curse}
   (You found it in the Dungeon)

   It inflicts extra damage upon your enemies.
   It lets you see invisible.
   It lets you fly.
   It may re-curse itself when equipped.
   It has a curse placed upon it.
Missiles
 c - 5 javelins (quivered)
 d - 2 throwing nets
Armour
 a - the +15 Maxwell's patent armour (worn) {-Cast -Tele rElec MR+ rCorr}
   (You found it in the Dungeon)

   It insulates you from electricity.
   It affects your resistance to hostile enchantments.
   It prevents spellcasting.
   It prevents most forms of teleportation.
   It protects you from acid and corrosion.
 b - the +18 shield of the Gong (worn) {rElec rN+ MR+ EV-5}
   (You found it in the Dungeon)

   It affects your evasion (-5).
   It insulates you from electricity.
   It protects you from negative energy.
   It affects your resistance to hostile enchantments.
 l - a +5 gold dragon armour
Jewellery
 B - a +6 ring of dexterity
 C - a +6 ring of dexterity
 D - a +6 ring of intelligence
 E - a +6 ring of intelligence
 F - a +6 ring of strength (left hand)
 G - a +6 ring of strength (right hand)
Wands
 H - a wand of disintegration (7/24)
 I - a wand of iceblast (5/15)
 J - a wand of lightning (5/15)
 K - a wand of acid (5/15)
Scrolls
 k - 4 scrolls of blinking
 s - 4 scrolls of amnesia
 t - 3 scrolls of recharging
 u - 7 scrolls of fog
 v - a scroll of holy word
 w - 5 scrolls of identify
 x - 5 scrolls of remove curse
 y - 2 scrolls of fear
Potions
 e - 10 potions of curing
 g - 10 potions of heal wounds
 h - 6 potions of haste
 i - 7 potions of magic
 j - 3 potions of berserk rage
 m - 2 potions of brilliance
 n - 2 potions of invisibility
 o - 4 potions of resistance
 p - a potion of experience
 q - 5 potions of agility
 r - 5 potions of might
Comestibles
 f - 5 bread rations
 z - 42 fruits
 A - 4 meat rations


   Skills:
 + Level 3.0 Fighting
 + Level 1.5 Axes
 + Level 4.0 Throwing
 * Level 2.8 Armour
 + Level 2.2 Dodging
 - Level 1.1 Stealth
 * Level 2.8 Shields
 * Level 2.8 Invocations


You had 2 spell levels left.
You didn't know any spells.

Dungeon Overview and Level Annotations

Branches:
Dungeon (1/1)

Altars:
Ashenzari
Cheibriados
Dithmenos
Elyvilon
Fedhas
Gozag
Hepliaklqana
Kikubaaqudgha
Makhleb
Nemelex Xobeh
Okawaru
Qazlal
Ru
Sif Muna
Trog
Uskayaw
Vehumet
Xom
Yredelemnul
Zin
The Shining One
Beogh
Jiyva
Lugonu


Innate Abilities, Weirdness & Mutations

You are resistant to torment.
Your stone body is resilient. (AC +3)
You are immune to poison.
You resist negative energy. (rN+)
You are resistant to electric shocks. (rElec)
You can survive without breathing.
You are immune to petrification.
You are immune to rotting.


Message History

The deep elf archer blinks!
The flail of crushing hits you. You block the troll's attack.
GONNNNG!
The troll completely misses you. The troll claws you but does no damage.
Unknown command.
Your shield and Maxwell's patent armour prevent you from hitting the flail of crushing.
The flail of crushing is moderately damaged.
You closely miss the troll.
Visions of slaying the troll flood into your mind.
You block the flail of crushing's attack.
GONNNNG!
You block the troll's attack.
GONNNNG!
The troll claws you.
* * * LOW HITPOINT WARNING * * *
You block the troll's attack.
PTOANNNG!
The flail of crushing hits you.
* * * LOW HITPOINT WARNING * * *
You die...

▓▓▓▓▓▓▓▓▓▓▓▓▓
▓.8©8.▓.8©8.▓
▓.=)}.▓.....▓
▓...e.▓.:.).▓
▓.....▓.....▓
▓..§..▓.....▓
▓.T(..▓.....▓
▓..@..▓▓▓▓▓▓▓
▓▓▓▓▓▓▓


You could see a deep elf archer, a troll and a flail of crushing.

Vanquished Creatures
  A crimson imp (D)
  An adder zombie (D)
2 creatures vanquished.

Notes
Turn   | Place    | Note
-------+----------+-------------------------------------------
     0 | D        | Groucho the Gargoyle Hunter began the quest for the Orb.
     0 | D        | Reached XP level 1. HP: 12/12 MP: 1/1
   105 | D        | Found a deep blue altar of Sif Muna.
   105 | D        | Found a bloodstained altar of Trog.
   105 | D        | Found a sacrificial altar of Ru.
   105 | D        | Found a stormy altar of Qazlal.
   105 | D        | Found an iron altar of Okawaru.
   106 | D        | Found a sparkling altar of Nemelex Xobeh.
   106 | D        | Found a blossoming altar of Fedhas.
   108 | D        | Found an ancient bone altar of Kikubaaqudgha.
   108 | D        | Found a viscous altar of Jiyva.
   108 | D        | Found a corrupted altar of Lugonu.
   108 | D        | Found a hazy altar of Hepliaklqana.
   108 | D        | Found a burning altar of Makhleb.
   108 | D        | Found an opulent altar of Gozag.
   225 | D        | Became a worshipper of Cheibriados the Contemplative
   240 | D        | Entered arena 1.
   240 | D        | Noticed a crimson imp
   241 | D        | Killed a crimson imp
   241 | D        | Reached skill level 1 in Axes
   241 | D        | Reached skill level 4 in Throwing
   241 | D        | Reached XP level 2. HP: 19/19 MP: 2/4
   241 | D        | Reached XP level 3. HP: 23/23 MP: 2/5
   242 | D        | Reached * piety under Cheibriados
   372 | D        | Entered arena 2.
   372 | D        | Noticed a flail of crushing
   372 | D        | Noticed a deep elf archer
   372 | D        | Noticed a troll
   376 | D        | Slain by a flail of crushing

Vault maps used:
D:        sprint_v

Skill      XL: |  1 |
---------------+----+-----
Fighting       | 3 |  3.0
Axes           | 1 |  1.5
Throwing       | 4 |  4.0
Armour         | 2 |  2.8
Dodging        | 2 |  2.2
Shields        | 2 |  2.8
Invocations    | 2 |  2.8
Stealth        | |  1.1

Action                   || total
-------------------------++-------
Melee: Broad axe         ||     4
Throw: Javelin           ||     2
Armor: Plate armour      ||     3
Dodge: Dodged            ||     1
Block: Shield            ||     8
